 Dungeon Crawl Stone Soup version 0.31.0-11-ge490571c62 (webtiles) character file.

Game seed: 13272458537568587713

245 safid the Ruffian (level 5, 0/41 HPs)
             Began as a Draconian Shapeshifter on Feb 5, 2024.
             Was an Initiate of Hepliaklqana.
             Killed from afar by an orc wizard (8 damage)
             ... with a puff of flame
             ... on level 4 of the Dungeon.
             The game lasted 00:08:30 (3064 turns).

safid the Ruffian (Draconian Shapeshifter)          Turns: 3064, Time: 00:08:31

Health: 0/41       AC:  9    Str: 18    XL:     5   Next: 83%
Magic:  0/5        EV: 12    Int: 11    God:    Hepliaklqana [......]
Gold:   326        SH:  0    Dex: 10    Spells: 4/4 levels left

rFire   . .          .
                       - Unarmed
rCold   . . .        (no shield)
rNeg    . . .        (body armour unavailable)
rPois   +            (helmet currently unavailable)
rElec   .            (cloak currently unavailable)
rCorr   .            (gloves currently unavailable)
SInv    .            (boots currently unavailable)
Will    .....        p - amulet of guardian spirit
Stlth   +            h - +4 ring of protection
HPRegen 0.26/turn    w - ring of poison resistance
MPRegen 0.09/turn

%: guardian spirit
@: beast-form
A: beast (slay +2), AC +5, unfitting armour, cold-blooded
a: Begin Untransformation, Renounce Religion


You were on level 4 of the Dungeon.
You worshipped Hepliaklqana.
Hepliaklqana was noncommittal.
You were a hulking beast.
You visited 2 branches of the dungeon, and saw 5 of its levels.

You collected 326 gold pieces.

Inventory:

Missiles
 m - 9 javelins (quivered)
 t - a throwing net
Jewellery
 h - a +4 ring of protection (left hand)
 l - a ring of resist corrosion
 p - an amulet of guardian spirit (around neck)
 u - a ring of see invisible
 w - a ring of poison resistance (right hand)
Talismans
 b - a beast talisman (active)
 c - a flux talisman
Wands
 s - a wand of paralysis (9)
Scrolls
 f - 2 scrolls of teleportation {unknown}
 g - 3 scrolls of vulnerability {unknown}
 i - 3 scrolls of blinking {unknown}
 j - 3 scrolls of identify {unknown}
 k - a scroll of enchant armour {unknown}
 n - a scroll of fog {unknown}
 o - a scroll of fear {unknown}
 x - 3 scrolls of immolation {unknown}
Potions
 a - a potion of lignification
 d - 3 potions of haste {unknown}
 e - a potion of mutation {unknown}
 q - a potion of berserk rage {unknown}
 r - 2 potions of heal wounds {unknown}
 v - 2 potions of brilliance {unknown}
 z - a potion of curing {unknown}


   Skills:
 + Level 1.7 Fighting
 - Level 2.0 Dodging
 + Level 5.7 Unarmed Combat
 * Level 0.3 Invocations
 + Level 3.8 Shapeshifting


You had 4 spell levels left.
You didn't know any spells.
Your spell library contained the following spells:

 Spells                   Type           Power      Damage    Failure   Level
 Tukima's Dance           Hex            0%         N/A       71%         3
 Dimensional Bullseye     Hex/Tloc       0%         N/A       98%         4
 Iskenderun's Mystic Bla  Conj/Tloc      0%         2d3       98%         4


Dungeon Overview and Level Annotations

Branches:
Dungeon (4/15)             Temple (1/1) D:4

Altars:
Dithmenos
Elyvilon
Fedhas
Gozag
Hepliaklqana
Nemelex Xobeh
Qazlal
Sif Muna
Trog
Uskayaw
Vehumet
Xom
Zin
The Shining One
Ignis

Annotations:
D:4 exclusion: statue


Innate Abilities, Weirdness & Mutations

You are a hulking beast.
Your limbs bulge with bestial killing power. (Slay +2)
Your plain brown scales are hard. (AC +5)
You cannot fit into any form of body armour.
You are cold-blooded and may be slowed by cold attacks.


Message History

Things that are here:
a +0 dagger; a +0 scale mail You start waiting.
An orc warrior is nearby!
The orc warrior shouts!
The orc warrior hits you from afar with a +0 halberd!
The orc warrior hits you with a +0 halberd!
You hit the orc warrior but do no damage.
The orc warrior barely misses you.
You hit the orc warrior.
The orc warrior is lightly wounded.
You hit the orc warrior.
Your tail-slap misses the orc warrior.
The orc warrior is lightly wounded.
The orc warrior hits you but does no damage.
You hit the orc warrior but do no damage.
You tail-slap the orc warrior, but do no damage.
The orc warrior is lightly wounded.
The orc warrior hits you with a +0 halberd.
You closely miss the orc warrior.
The orc warrior is lightly wounded.
The orc warrior hits you with a +0 halberd.
An orc wizard comes into view. It is wielding a +0 dagger.
The orc wizard shouts!
You hit the orc warrior.
Your tail-slap misses the orc warrior.
The orc warrior is moderately wounded.
The orc warrior misses you.
You barely miss the orc warrior.
You tail-slap the orc warrior, but do no damage.
Your punch misses the orc warrior.
The orc warrior is moderately wounded.
The orc warrior completely misses you.
You hit the orc warrior but do no damage.
The orc warrior is moderately wounded.
The orc warrior hits you with a +0 halberd!
* * * LOW HITPOINT WARNING * * *
You punch the orc warrior!
The orc warrior is heavily wounded.
The orc wizard casts a spell at you. The puff of flame hits you!
You die...

#.####### #.......).#
........# ##....>....#
#.#.....###...†......#
#............##...##.#
#.......##.#.##...##.#
........##...........#
###.#o#.######...#####
##.##.##.######..# #
#....ho..........# #
#..##.##.######.## #
#.#.#.#.## #.# #
#.....)## #.# #
#..##### #.# # #..#
#.# # #.o......# #.# #
...#####.# #.# # ..#
### #.######


You could see an orc warrior and an orc wizard.

Vanquished Creatures
  A bombardier beetle (D:3)
  A hound (D:4)
  A sleepcap (D:4)
  Ijyb (D:3)
  4 gnolls (D:4)
  An adder (D:3)
  2 ufetubi (D:4)
  3 dart slugs
  3 ribbon worms
  2 orcs (D:4)
  4 ball pythons
  6 bats
  5 endoplasms
  3 giant cockroaches
  2 goblins (D:2)
  2 hobgoblins
  2 jackals (D:3)
  7 frilled lizards
  4 kobolds
  10 rats
  A spectral goblin (D:2)
65 creatures vanquished.

Notes
Turn   | Place    | Note
-------+----------+-------------------------------------------
     0 | D:1      | safid the Draconian Shapeshifter began the quest for the
                  | Orb.
     0 | D:1      | Reached XP level 1. HP: 16/16 MP: 1/1
   356 | D:1      | Reached XP level 2. HP: 23/23 MP: 2/2
   724 | D:2      | Found a faded altar of an unknown god.
   907 | D:2      | Reached XP level 3. HP: 28/28 MP: 3/3
  1359 | D:2      | Reached skill level 4 in Unarmed Combat
  1714 | D:3      | Noticed Ijyb
  1768 | D:3      | Reached XP level 4. HP: 21/35 MP: 4/4
  1958 | D:3      | Found a stormy altar of Qazlal.
  2054 | D:3      | Paralysed by Ijyb for 5 turns
  2068 | D:3      | Paralysed by Ijyb for 2 turns
  2073 | D:3      | Killed Ijyb
  2532 | D:4      | Reached skill level 5 in Unarmed Combat
  2532 | D:4      | Reached XP level 5. HP: 40/40 MP: 5/5
  2642 | D:4      | Found a radiant altar of Vehumet.
  2644 | D:4      | Noticed a frost-covered statue
  2873 | D:4      | Found a staircase to the Ecumenical Temple.
  2887 | Temple   | Entered the Ecumenical Temple
  2899 | Temple   | Became a worshipper of Hepliaklqana the Forgotten
  2948 | D:4      | Noticed an orc warrior
  3064 | D:4      | Killed from afar by an orc wizard

Illustrated notes

Levels and vault maps discovered:
D:1:      dpeg_arrival_connections, layout_loops_cross, minmay_octomino_c4
D:2:      layout_loops_ring, dreamdust_ecumenical_altar_drowned_temple,
          serial_forest, infiniplex_forest_straight_1,
          infiniplex_forest_zigzag_1, infiniplex_forest_clump_medium,
          infiniplex_forest_clump_C, infiniplex_forest_lined_3,
          infiniplex_forest_lined_corner, infiniplex_forest_join,
          infiniplex_forest_corner_1, minmay_misc_feat_tiny,
          minmay_splitting_lines
D:3:      layout_rooms, amcnicky_altar_gilded, nrook_campfire, uniq_ijyb
D:4:      layout_loops_ring, vehumet_statue, gammafunk_temple_overflow_wave,
          minmay_temple_entry_stoned_glass, serial_shops,
          nicolae_shop_pleasant_corner_grove
Temple:   ebering_untended_altars

Skill      XL: |  1  2  3  4 |
---------------+-------------+-----
Dodging        | 2 |  2.0
Unarmed Combat | 4 5 |  5.7
Fighting       | |  1.7
Invocations    | |  0.3
Shapeshifting  | |  3.8

Action                     |  1- 3 |  4- 6 || total
---------------------------+-------+-------++-------
  Melee: Unarmed           |    80 |   110 ||   190
         Tailslap          |     8 |    15 ||    23
         Punch             |     3 |     2 ||     5
   Stab: Sleeping          |     1 |       ||     1
 Armour: Skin              |    33 |    74 ||   107
  Dodge: Dodged            |    71 |    53 ||   124
   Form: Beast             |     1 |       ||     1
